 Dungeon Crawl Stone Soup version 0.17-a0-2064-g265a032 (webtiles) character file.

611 brucemayne the Chopper (level 7, -6/35 HPs)
             Began as a Vine Stalker Berserker on Oct 12, 2015.
             Was a Believer of Trog.
             Mangled by a killer bee (8 damage)
             ... on level 7 of the Dungeon.
             The game lasted 00:05:13 (796 turns).

brucemayne the Chopper (Vine Stalker Berserker)      Turns: 796, Time: 00:05:14

Health: -6/35      AC:  3    Str: 19    XL:     7   Next: 43%
Magic:  0/8        EV: 12    Int: 13    God:    Trog [**....]
Gold:   127        SH:  0    Dex: 15    Spells: 0 memorised, 6 levels left

rFire  . . .     SeeInvis .     a - +0 hand axe
rCold  . . .     Clarity  .     j - +0 leather armour
rNeg   . . .     SustAt   .     (no shield)
rPois  .         Gourm    .     (no helmet)
rElec  .         Spirit   +     (no cloak)
rCorr  .         Warding  .     (no gloves)
rMut   .         Stasis   .     (no boots)
MR     ++...                    (no amulet)
Stlth  +.........               (no ring)
                                (no ring)

@: brilliant, lethally poisoned (-6 -> -13), regenerating, very resistant to
hostile enchantments, very unstealthy
A: fangs 2, regeneration 2, magic shield, antimagic bite, no device heal 3, rot
immunity
a: Burn Spellbooks, Berserk, Trog's Hand, Renounce Religion


You were on level 7 of the Dungeon.
You worshipped Trog.
Trog was pleased with you.
You were not hungry.

You visited 2 branches of the dungeon, and saw 8 of its levels.

You collected 127 gold pieces.

Inventory:

Hand Weapons
 a - a +0 hand axe (weapon)
 f - a +1 whip of flaming
Armour
 b - a +0 animal skin
 j - a +0 leather armour (worn)
Scrolls
 i - a scroll of identify
 k - a scroll of recharging
Books
 g - an Akashic Record

   Spells                             Type                      Level
   a - Dispersal                      Translocation                6
   b - Controlled Blink               Translocation                7
   c - Malign Gateway                 Summoning/Translocation      7
   d - Disjunction                    Translocation                8
   Trog disapproves of the use of such an item.
Comestibles
 c - 3 bread rations
 h - 2 meat rations


   Skills:
 - Level 2.6 Fighting
 + Level 7.6 Axes
 - Level 1.5 Armour
 - Level 1.5 Dodging


You had 6 spell levels left.
You didn't know any spells.

Dungeon Overview and Level Annotations

Branches:
Dungeon (7/15)             Temple (1/1) D:7

Altars:
Ashenzari
Cheibriados
Dithmenos
Fedhas
Gozag
Kikubaaqudgha
Makhleb
Nemelex Xobeh
Okawaru
Ru
Sif Muna
Trog
Xom
Zin
The Shining One

Annotations:
D:5 Menkaure; asdu's ghost, amateur CeBe
D:7 Prince Ribbit


Innate Abilities, Weirdness & Mutations

You have extremely sharp teeth.
You heal very quickly.
When hurt, damage is shared between your health and your magic reserves.
Your bite disrupts and absorbs the magic of your enemies.
Potions and wands cannot restore your health.
You are immune to rotting.


Message History

The killer bee stings you! The killer bee stings you.
Drink which item? (? for menu, Esc to quit)
It was a potion of heal wounds.
That seemed strangely inert.
You feel the effects of Trog's Hand fading.
You feel sick. The killer bee stings you.
* * * LOW HITPOINT WARNING * * *
You are more poisoned.
The killer bee poisons you! The killer bee barely misses you.
The killer bee closely misses you. The killer bee stings you!
* * * LOW HITPOINT WARNING * * *
You are more poisoned.
The killer bee poisons you!
Drink which item? (? for menu, Esc to quit)
It was a potion of poison.
That liquid tasted very nasty...
You are lethally poisoned!
* * * LOW HITPOINT WARNING * * *
You feel very sick. The killer bee barely misses you.
The killer bee stings you!
You die...

.. ###.Z. ... ..
#########.# #.
#.#..##..## #.##
#.......y.### ..#
#.......#...# #y##
###..#...####.###..##
#.....##....#yy@yy..#
#........##..######..#
#.....##.###.# ..#
###)8.###....... ....
#.)....#####.. . .....
#.8)>.8## #.. #.(..#
.[......# #.. ....#
#.#.8.#..... ....#
############


You could see 5 killer bees.

Vanquished Creatures
  Grinder (D:6)
  A black bear (D:5)
  The ghost of SlimeFever the Insei, an amateur DsMo (D:3)
  A hound (D:5)
  A gnoll shaman (D:7)
  A giant frog skeleton (D:5)
  A worker ant (D:5)
  3 gnolls (D:7)
  A worker ant zombie (D:5)
  5 adders
  2 oozes
  A worm (D:2)
  2 giant geckos
  6 orcs
  A ball python (D:6)
  A bat (D:2)
  2 giant cockroaches
  4 goblins
  A hobgoblin (D:3)
  A giant newt (D:2)
  A quokka skeleton (D:5)
  A rat (D:1)
39 creatures vanquished.

Notes
Turn   | Place    | Note
--------------------------------------------------------------
     0 | D:1      | brucemayne the Vine Stalker Berserker began the quest for the Orb.
     0 | D:1      | Reached XP level 1. HP: 11/11 MP: 2/2
    67 | D:1      | Reached skill level 3 in Axes
   140 | D:2      | Reached XP level 2. HP: 16/16 MP: 3/3
   205 | D:2      | Found a bloodstained altar of Trog.
   214 | D:2      | Found a shadowy altar of Dithmenos.
   266 | D:3      | Noticed SlimeFever's ghost (amateur DsMo)
   275 | D:3      | Killed SlimeFever's ghost
   275 | D:3      | Reached skill level 4 in Axes
   275 | D:3      | Reached XP level 3. HP: 15/19 MP: 1/4
   275 | D:3      | Reached XP level 4. HP: 18/23 MP: 1/5
   294 | D:3      | Found a sacrificial altar of Ru.
   356 | D:4      | You fall through a shaft for 2 floors!
   356 | D:6      | Noticed Grinder
   365 | D:6      | Killed Grinder
   365 | D:6      | Reached skill level 6 in Axes
   365 | D:6      | Reached XP level 5. HP: 12/27 MP: 6/6
   365 | D:6      | Gained mutation: You heal very quickly. [Vine Stalker growth]
   365 | D:6      | Reached XP level 6. HP: 14/32 MP: 7/7
   420 | D:6      | Found a glowing silver altar of Zin.
   427 | D:5      | Entered Level 5 of the Dungeon
   431 | D:5      | Noticed asdu's ghost (amateur CeBe)
   498 | D:5      | Noticed Menkaure
   518 | D:5      | Reached ** piety under Trog
   529 | D:5      | Reached skill level 7 in Axes
   529 | D:5      | Reached XP level 7. HP: 35/35 MP: 6/8
   574 | D:7      | Noticed Prince Ribbit
   705 | D:7      | Found a staircase to the Ecumenical Temple.
   764 | Temple   | Entered the Ecumenical Temple
   796 | D:7      | Mangled by a killer bee

Vault maps used:
D:1:      wheals_arrival_shading
D:2:      amethyst_overflow_temple_binary
D:3:      lemuel_crystal_altar, nicolae_ru_awakened_eye
D:4:      first_bread, elyvilon_altar_1
D:5:      portal_sewer_entry_d, uniq_pikel, uniq_menkaure
D:6:      kennysheep_mini_moat, uniq_crazy_yiuf_cottage, uniq_grinder
D:7:      nicolae_overflow_hidden_temple, minmay_temple_entry_statues_pillars,
          kennysheep_diamond, uniq_prince_ribbit1
Temple:   minmay_freezing_vapour_temple_12

Action                   |  1- 3 |  4- 6 |  7- 9 || total
-------------------------+-------+-------+-------++-------
Melee: Hand axe          |    29 |    41 |    25 ||    95
Invok: Berserk           |     2 |     3 |     1 ||     6
       Trog's Hand       |       |       |     1 ||     1
  Use: Potion            |       |       |     3 ||     3
       Scroll            |       |       |     1 ||     1
 Stab: Sleeping          |       |     1 |       ||     1
  Eat: Chunk             |       |     3 |     3 ||     6
